 Dungeon Crawl Stone Soup version 0.32-a0-120-gfac0567ad4 (webtiles) character file.

Game seed: 6422833805559741051

2 PriceMaster the Firebug (level 1, -2/11 HPs)
             Began as an Octopode Fire Elementalist on Feb 7, 2024.
             Slain by a jackal (3 damage)
             ... on level 1 of the Dungeon.
             The game lasted 00:00:22 (201 turns).

PriceMaster the Firebug (Octopode Fire Elementalist) Turns: 201, Time: 00:00:23

Health: -2/11      AC:  1    Str:  7    XL:     1   Next: 40%
Magic:  2/3        EV: 13    Int: 17    God:
Gold:   16         SH:  0    Dex: 12    Spells: 3/4 levels left

rFire   . . .        (no weapon)
rCold   . . .        (no shield)
rNeg    . . .        (helmet restricted)
rPois   .            (no amulet)
rElec   .            (no ring)
rCorr   .            (no ring)
SInv    .            (no ring)
Will    .....        (no ring)
Stlth   ++           (no ring)
HPRegen 0.21/turn    (no ring)
MPRegen 0.08/turn    (no ring)
                     (no ring)

%: no passive effects
@: silenced
A: almost no armour, amphibious, 8 rings, camouflage 1, gelatinous body 1,
(nimble swimmer 1), tentacles
a: no special abilities


You were on level 1 of the Dungeon.
You visited 1 branch of the dungeon, and saw 1 of its levels.

You collected 16 gold pieces.

Inventory:

Potions
 a - a potion of magic


   Skills:
 + Level 2.1 Dodging
 + Level 2.8 Stealth
 + Level 2.0 Spellcasting
 + Level 1.0 Conjurations
 + Level 3.0 Fire Magic


You had 3 spell levels left.
You knew the following spells:

 Your Spells              Type           Power      Damage    Failure   Level
a - Foxfire               Conj/Fire      32%        2x1d5     9%          1

Your spell library contained the following spells:

 Spells                   Type           Power      Damage    Failure   Level
 Scorch                   Fire           24%        2d6       9%          2
 Inner Flame              Hex/Fire       6%         N/A       30%         3
 Volatile Blastmotes      Fire/Tloc      12%        2d11      30%         3
 Flame Wave               Conj/Fire      8%         2d5       63%         4


Dungeon Overview and Level Annotations

Branches:
Dungeon (1/15)

Altars:


Innate Abilities, Weirdness & Mutations

You cannot wear most types of armour.
You are amphibious.
You can wear up to eight rings at the same time.
Your skin changes colour to match your surroundings (Stealth+).
Your rubbery body absorbs attacks. (AC +1, EV +1)
((You are camouflaged when in or above water. (Stealth+)))
You have tentacles for arms and can constrict up to eight enemies at once.


Message History

The jackal attacks as it pursues you! The jackal closely misses you.
You conjure some foxfire!
The foxfire hits the jackal.
The jackal is lightly wounded.
You tentacle-slap the jackal. You grab the jackal.
The jackal is moderately wounded.
You constrict the jackal, but do no damage.
The jackal bites you but does no damage.
The jackal bites you.
You tentacle-slap the jackal but do no damage.
The jackal is moderately wounded.
You constrict the jackal. The jackal bites you. The jackal barely misses you.
You barely miss the jackal.
The jackal is heavily wounded.
You constrict the jackal. The jackal bites you.
The jackal completely misses you. The jackal barely misses you.
The jackal closely misses you.
Unknown command.
You barely miss the jackal.
The jackal is severely wounded.
You constrict the jackal. The jackal bites you. The jackal closely misses you.
You tentacle-slap the jackal but do no damage.
The jackal is almost dead.
You constrict the jackal.
You kill the jackal!
The jackal bites you.
* * * LOW HITPOINT WARNING * * *
As you read the scroll labelled MEBAAJUOST, it crumbles to dust.
A profound silence engulfs you.
It was a scroll of silence.
The jackal bites you but does no damage.
The jackal bites you.
* * * LOW HITPOINT WARNING * * *
You closely miss the jackal. Your grab misses the jackal.
The jackal bites you but does no damage.
The jackal bites you.
* * * LOW HITPOINT WARNING * * *
The jackal misses you.
You closely miss the jackal. You grab the jackal.
You constrict the jackal, but do no damage.
The jackal misses you. The jackal bites you.
You die...

#...+...#.##
#####'###..[#.##
#......##...#.##
#........##.#.##
#........##.#.##
####.....##.#.#
##'#####.#.#
#######.# #.#.#
#@h.....#
###'#.##
#h#######
#....... #h#
#....... #S#
#....... #.#
#....... #.#
#....... #.#
#....... #.#
#....... #.#
#.......


You could see 3 jackals and a ball python.

Vanquished Creatures
  A jackal (D:1)
  A bat (D:1)
  A frilled lizard (D:1)
3 creatures vanquished.

Vanquished Creatures (others)
  8 foxfires (D:1)
8 creatures vanquished.

Grand Total: 11 creatures vanquished

Notes
Turn   | Place    | Note
-------+----------+-------------------------------------------
     0 | D:1      | PriceMaster the Octopode Fire Elementalist began the quest
                  | for the Orb.
     0 | D:1      | Reached XP level 1. HP: 11/11 MP: 3/3
   201 | D:1      | Slain by a jackal

Illustrated notes

Levels and vault maps discovered:
D:1:      dpeg_arrival_fog, layout_basic, minivault_19

Action                     || total
---------------------------++-------
  Melee: Unarmed           ||     7
         Constrict         ||     2
   Cast: Foxfire           ||     6
    Use: Scroll            ||     1
 Armour: Skin              ||    15
  Dodge: Dodged            ||    16

Table legend: (Time is in decaauts)
 A = Elapsed time spent in this place.
 B = Non-inter-level travel time spent in this place.
 C = Inter-level travel time spent in this place.
 D = Time resting spent in this place.
 E = Time spent auto-exploring this place.
 F = Levels seen in this place.
 G = Mean time per level.
                   A        B        C        D        E       F      G
               +--------+--------+--------+--------+--------+-----+--------+
         Total |    201 |    201 |      0 |      0 |    166 |   1 |  201.0 |
       Dungeon |    201 |    201 |      0 |      0 |    166 |   1 |  201.0 |
               +--------+--------+--------+--------+--------+-----+--------+

Top non-repeatable levels by time:
     D:1: 201 daAuts
